 Dungeon Crawl Stone Soup version 0.31-a0-626-g8143ab4f1d (webtiles) character file.

Game seed: 12567280612870223418

228 suckswine the Grappler (level 6, -2/44 HPs)
             Began as a Gnoll Wanderer on Aug 7, 2023.
             Slain by a gnoll
             ... wielding a +0 flail
              (4 damage)
             ... on level 3 of the Dungeon on Aug 24, 2023.
             The game lasted 00:04:02 (2324 turns).

suckswine the Grappler (Gnoll Wanderer)             Turns: 2324, Time: 00:04:03

Health: -2/44      AC: 12    Str: 23 (24) XL:     6   Next: 2%
Magic:  11/11      EV:  9    Int:  6 (8)  God:
Gold:   110        SH:  0    Dex:  7 (9)  Spells: 11/11 levels left

rFire   x . .        b - +0 falchion (elec)
rCold   . . .        (no shield)
rNeg    . . .        d - +3 chain mail of Zeny {*Slow rElec rF- Str+5}
rPois   .            (no helmet)
rElec   +            (no cloak)
rCorr   .            (no gloves)
SInv    .            (no boots)
Will    +....        (no amulet) Stlth
                     (no ring)
HPRegen 0.27/turn    (no ring)
MPRegen 0.12/turn

%: slow self (1%)
@: enlightened, flying
A: fangs 1, strong nose, distributed training
a: no special abilities


You were on level 3 of the Dungeon.
You visited 1 branch of the dungeon, and saw 3 of its levels.

You collected 110 gold pieces.

Inventory:

Hand Weapons
 a - a +0 sling
 b - a +0 falchion of electrocution (weapon)
Armour
 c - a +0 ring mail
 d - the +3 chain mail of Zeny (worn) {*Slow rElec rF- Str+5}
   (You found it on level 2 of the Dungeon)

   Str+5:     It affects your strength (+5).
   rF-:       It makes you vulnerable to fire.
   rElec:     It insulates you from electricity.
   *Slow:     It may slow you when you take damage.
Scrolls
 e - 2 scrolls of enchant weapon {unknown}
 f - a scroll of silence {unknown}
 g - a scroll of vulnerability {unknown}
 h - a scroll of fear {unknown}
 i - a scroll of enchant armour {unknown}
 k - a scroll of identify {unknown}


   Skills:
 + Level 1.8 Fighting
 + Level 1.8 Short Blades
 + Level 1.8 Long Blades
 + Level 1.8 Axes
 + Level 1.8 Maces & Flails
 + Level 1.8 Polearms
 + Level 1.8 Staves
 + Level 3.1 Ranged Weapons
 + Level 1.8 Throwing
 + Level 3.1 Armour
 + Level 3.1 Dodging
 + Level 1.8 Stealth
 + Level 1.8 Shields
 + Level 10.6 Unarmed Combat
 + Level 3.3 Spellcasting
 + Level 1.4 Conjurations
 + Level 1.4 Hexes
 + Level 1.4 Summonings
 + Level 1.4 Necromancy
 + Level 1.4 Translocations
 + Level 1.4 Transmutations
 + Level 1.4 Fire Magic
 + Level 1.4 Ice Magic
 + Level 1.4 Air Magic
 + Level 1.4 Earth Magic
 + Level 1.4 Poison Magic
 + Level 2.0 Invocations
 + Level 3.1 Evocations
 + Level 1.6 Shapeshifting


You had 11 spell levels left.
You didn't know any spells.
Your spell library contained the following spells:

 Spells                   Type           Power      Damage    Failure   Level
 Static Discharge         Conj/Air       4%         2-3/arc   88%         2
 Airstrike                Air            1%         2d(1-17)  100%        4
 Summon Lightning Spire   Summ/Air       2%         N/A       100%        4


Dungeon Overview and Level Annotations

Branches:
Dungeon (3/15)

Altars:
Elyvilon

Annotations:
D:1 2 transporters


Innate Abilities, Weirdness & Mutations

You have very sharp teeth.
Your uncanny sense of smell can sniff out nearby items.
Your experience applies equally to all skills.


Message History

The orc barely misses you.
You hit the orc.
You kill the orc!
The orc priest mumbles some strange prayers to Beogh against you.
Pain shoots through your body!
Items here: )) [[ †.
You are too injured to fight recklessly!
You are too injured to fight recklessly!
You are too injured to fight recklessly!
Okay, then.
The gnoll shouts!
You hear a shout!
The orc priest hits you with a +0 whip.
The orc priest invokes the aid of Beogh against you.
Beogh smites you!
* * * LOW HITPOINT WARNING * * *
Items here: )) [[ †.
The orc priest barely misses you.
The orc priest attacks as it pursues you!
The orc priest barely misses you.
Items here: )) [[ †.
The orc priest attacks as it pursues you!
The orc priest hits you with a +0 whip.
* * * LOW HITPOINT WARNING * * *
You barely miss the orc priest.
You bite the orc priest, but do no damage.
The orc priest hits you but does no damage.
You hit the orc priest.
Lightning courses through the orc priest!
The orc priest is almost dead.
The orc priest hits you with a +0 whip.
* * * LOW HITPOINT WARNING * * *
Unknown command.
It was a potion of degeneration.
There was something very wrong with that liquid.
You feel weakened.
You feel dopey.
You feel clumsy.
The orc priest hits you but does no damage.
It was a potion of enlightenment.
You feel very buoyant.
You fly up into the air.
The gnoll hits you with a +0 flail.
You die...

.............
...............
>..............
.......g..###..
##.............
#........##...
#.............
#...##og...#..
##. #.@.......
.####.##.#...#...
.........#..>####
.......<........
.##....#...#..##
#.##....###..# ..
###..# #..# #.
#..# #.# ....


You could see an orc priest and 2 gnolls.

Vanquished Creatures
  Sigmund (D:2)
  2 adders
  A dart slug (D:1)
  5 orcs
  7 ball pythons
  3 bats
  4 endoplasms
  3 giant cockroaches
  6 goblins
  6 hobgoblins
  4 kobolds
  2 quokkas
  A frilled lizard (D:2)
  3 rats
48 creatures vanquished.

Notes
Turn   | Place    | Note
-------+----------+-------------------------------------------
     0 | D:1      | Reached skill level 10 in Unarmed Combat
     0 | D:1      | suckswine the Gnoll Wanderer began the quest for the Orb.
     0 | D:1      | suckswine set off with the following items: a +0 sling, 2
                  | scrolls of blinking, a +0 ring mail, a scroll of
                  | teleportation.
     0 | D:1      | Reached XP level 1. HP: 13/13 MP: 4/4
   189 | D:1      | Reached XP level 2. HP: 19/19 MP: 5/5
   289 | D:1      | Upgraded the game from 0.31-a0-485-gaadceae713 to
                  | 0.31-a0-521-gc7390f8997
   295 | D:1      | Upgraded the game from 0.31-a0-521-gc7390f8997 to
                  | 0.31-a0-626-g8143ab4f1d
   693 | D:1      | Reached XP level 3. HP: 25/25 MP: 7/7
   992 | D:2      | You fall into a shaft and drop 1 floor!
   995 | D:2      | Noticed Sigmund
  1023 | D:3      | Reached skill level 1 in Invocations
  1202 | D:2      | Identified the +3 chain mail of Zeny {*Slow rElec rF-
                  | Str+5}
  1471 | D:1      | Reached skill level 1 in Fighting
  1471 | D:1      | Reached skill level 1 in Short Blades
  1471 | D:1      | Reached skill level 1 in Long Blades
  1471 | D:1      | Reached skill level 1 in Axes
  1471 | D:1      | Reached skill level 1 in Maces & Flails
  1471 | D:1      | Reached skill level 1 in Polearms
  1471 | D:1      | Reached skill level 1 in Staves
  1471 | D:1      | Reached skill level 1 in Throwing
  1471 | D:1      | Reached skill level 1 in Stealth
  1471 | D:1      | Reached skill level 1 in Shields
  1713 | D:2      | Killed Sigmund
  1714 | D:2      | Reached skill level 1 in Conjurations
  1714 | D:2      | Reached skill level 1 in Hexes
  1714 | D:2      | Reached skill level 1 in Summonings
  1714 | D:2      | Reached skill level 1 in Necromancy
  1714 | D:2      | Reached skill level 1 in Translocations
  1714 | D:2      | Reached skill level 1 in Transmutations
  1714 | D:2      | Reached skill level 1 in Fire Magic
  1714 | D:2      | Reached skill level 1 in Ice Magic
  1714 | D:2      | Reached skill level 1 in Air Magic
  1714 | D:2      | Reached skill level 1 in Earth Magic
  1714 | D:2      | Reached skill level 1 in Poison Magic
  1714 | D:2      | Reached skill level 1 in Shapeshifting
  1714 | D:2      | Reached XP level 4. HP: 5/33 MP: 8/8
  1714 | D:2      | Reached XP level 5. HP: 5/38 MP: 9/9
  1880 | D:2      | Identified the +2 robe of the Valley {*Corrode Str+4
                  | Slay+2}
  2076 | D:2      | Found a white marble altar of Elyvilon.
  2134 | D:2      | Reached XP level 6. HP: 44/44 MP: 10/10
  2322 | D:3      | HP: 2/44 [orc priest/+0 whip (2)]
  2324 | D:3      | Slain by a gnoll

Illustrated notes

Levels and vault maps discovered:
D:1:      spicycebolla_arrival_transporter_tutorial, layout_loops_ring,
          minmay_misc_feat_roman, minmay_misc_feat_pillars,
          minmay_misc_feat_diagonals
D:2:      layout_basic, basic_altar, guppyfry_early_orc_mine, uniq_sigmund
D:3:      layout_rooms, uniq_robin

Skill      XL: |  1  2  3  4  5 |
---------------+----------------+-----
Unarmed Combat | | 10.6
Invocations    | 1 2 |  2.0
Fighting       | 1 |  1.8
Short Blades   | 1 |  1.8
Long Blades    | 1 |  1.8
Axes           | 1 |  1.8
Maces & Flails | 1 |  1.8
Polearms       | 1 |  1.8
Staves         | 1 |  1.8
Throwing       | 1 |  1.8
Stealth        | 1 |  1.8
Shields        | 1 |  1.8
Ranged Weapons | 3 |  3.1
Armour         | 3 |  3.1
Dodging        | 3 |  3.1
Spellcasting   | 3 |  3.3
Conjurations   | 1 |  1.4
Hexes          | 1 |  1.4
Summonings     | 1 |  1.4
Necromancy     | 1 |  1.4
Translocations | 1 |  1.4
Transmutations | 1 |  1.4
Fire Magic     | 1 |  1.4
Ice Magic      | 1 |  1.4
Air Magic      | 1 |  1.4
Earth Magic    | 1 |  1.4
Poison Magic   | 1 |  1.4
Evocations     | 3 |  3.1
Shapeshifting  | 1 |  1.6

Action                     |  1- 3 |  4- 6 || total
---------------------------+-------+-------++-------
  Melee: Unarmed           |    33 |       ||    33
         Falchion          |    21 |    53 ||    74
         Punch             |     4 |     1 ||     5
         Bite              |     3 |     7 ||    10
   Fire: Sling             |   131 |       ||   131
    Use: Scroll            |     4 |       ||     4
         Potion            |       |     2 ||     2
 Armour: Ring mail         |    42 |       ||    42
         Chain mail        |    21 |    32 ||    53
  Dodge: Dodged            |    88 |    24 ||   112

Table legend: (Time is in decaauts)
 A = Elapsed time spent in this place.
 B = Non-inter-level travel time spent in this place.
 C = Inter-level travel time spent in this place.
 D = Time resting spent in this place.
 E = Time spent auto-exploring this place.
 F = Levels seen in this place.
 G = Mean time per level.
                   A        B        C        D        E       F      G
               +--------+--------+--------+--------+--------+-----+--------+
         Total |   2392 |   2324 |     68 |    647 |   1144 |   3 |  797.3 |
       Dungeon |   2392 |   2324 |     68 |    647 |   1144 |   3 |  797.3 |
               +--------+--------+--------+--------+--------+-----+--------+

Top non-repeatable levels by time:
     D:1: 1331 daAuts
     D:2: 993 daAuts
     D:3: 67 daAuts
